AoeStats
← PainEATER

Black Forest

506325847Analyzed
2v2 RM · 17d ago on Sep 13, 2026· 98m 4s· 4 players
Game mode
Random Map
Map size
Medium (4 player)
Population
200
Speed
Normal
Resources
Standard
Victory
Conquest
Starting age
Dark Age
Ending age
Imperial Age
RankedLock teamsTeams togetherTeam positionsShared explorationLock speedFull tech treeHidden civsTurbo modeCheats
Victory
Defeat
🇻🇳 Tatars · Vietnam
665
+14
🇦🇺 Franks · Australia
631
+14
🇹🇷 Khmer · Türkiye
610
-14
🇹🇷 Lithuanians · Türkiye
610
-14
Bay Gandalf
0:36 Loom
14:52 Feudal Age
16:09 Wheelbarrow
15:15 Horse Collar
15:28 Double-Bit Axe
18:43 Man-at-Arms
20:24 Gold Mining
23:10 Forging
23:05 Scale Mail Armor
26:27 Castle Age
25:43 Bloodlines
26:07 Scale Barding Armor
27:17 Long Swordsman
27:17 Pikeman
27:59 Squires
28:16 Hand Cart
28:24 Heavy Plow
28:52 Bow Saw
30:47 Stone Mining
31:40 Chain Barding Armor
31:57 Iron Casting
37:06 Imperial Age
35:15 Caravan
35:45 Coinage
37:59 Husbandry
37:20 Light Cavalry
40:07 Banking
40:51 Guilds
41:20 Crop Rotation
41:54 Two-Man Saw
42:36 Town Watch
45:57 Elite Leitis
47:45 Plate Barding Armor
47:44 Two-Handed Swordsman
48:57 Chain Mail Armor
48:44 Padded Archer Armor
48:34 Fletching
48:44 Cavalier
51:27 Paladin
70:05 Halberdier
75:13 Champion
75:39 Arson
76:56 Bodkin Arrow
79:59 Winged Hussar
PainEATER
0:32 Loom
14:11 Feudal Age
14:38 Double-Bit Axe
15:31 Horse Collar
17:21 Gold Mining
17:28 Stone Mining
22:47 Castle Age
24:41 Gold Shaft Mining
24:45 Stone Shaft Mining
25:55 Scale Barding Armor
25:52 Scale Mail Armor
27:29 Bow Saw
29:25 Forging
29:31 Chain Mail Armor
29:36 Chain Barding Armor
32:47 Iron Casting
32:33 Chain Barding Armor
32:18 Heavy Plow
33:20 Wheelbarrow
37:33 Imperial Age
35:27 Hand Cart
34:57 Town Watch
35:52 Tusk Swords
38:17 Masonry
38:22 Town Patrol
38:13 Elite Ballista Elephant
39:15 Double Crossbow
40:12 Plate Barding Armor
41:02 Blast Furnace
40:32 Caravan
41:39 Hoardings
44:26 Architecture
43:49 Guard Tower
45:33 Elite Battle Elephant
47:50 Pikeman
48:15 Arson
49:14 Halberdier
50:32 Man-at-Arms
57:14 Long Swordsman
59:10 Keep
58:51 Fortified Wall
68:19 Two-Handed Swordsman
Barcelomimi
0:37 Loom
16:26 Feudal Age
16:52 Fishing Lines
17:08 Double-Bit Axe
19:44 Wheelbarrow
20:45 Horse Collar
27:38 Castle Age
25:54 Gold Mining
25:55 Stone Mining
29:02 Bow Saw
29:02 Heavy Plow
29:02 Gillnets
30:23 Hand Cart
32:55 Gold Shaft Mining
34:12 Treadmill Crane
34:47 Masonry
36:02 Caravan
40:20 Imperial Age
41:10 Fletching
41:20 Padded Archer Armor
41:31 Forging
41:27 Scale Barding Armor
41:22 Scale Mail Armor
40:53 Onager
40:55 Capped Ram
42:41 Chemistry
41:07 Elite Keshik
43:26 Pikeman
44:06 Squires
43:55 Arson
46:32 Bodkin Arrow
46:52 Leather Archer Armor
46:57 Chain Barding Armor
47:13 Iron Casting
48:49 Halberdier
49:15 Arson
50:02 Bracer
50:33 Ring Archer Armor
50:38 Plate Barding Armor
53:34 Husbandry
52:54 Cavalier
53:47 Elite Skirmisher
57:53 Blast Furnace
62:12 Crossbowman
63:41 Heavy Scorpion
65:58 Bombard Tower
65:59 Ballistics
SLIIMSYice
0:35 Loom
15:20 Feudal Age
17:15 Double-Bit Axe
18:08 Wheelbarrow
22:21 Castle Age
23:44 Bow Saw
26:02 Hand Cart
33:58 Gold Mining
34:01 Stone Mining
34:32 Husbandry
34:46 Caravan
35:18 Coinage
34:58 Squires
34:19 Pikeman
37:11 Gold Shaft Mining
37:58 Fortified Wall
37:45 Murder Holes
38:01 Masonry
41:09 Imperial Age
42:57 Banking
41:49 Cavalier
42:52 Conscription
42:34 Chivalry
43:13 Hoardings
44:01 Architecture
43:20 Paladin
44:10 Scale Barding Armor
44:06 Scale Mail Armor
44:16 Forging
43:31 Halberdier
43:38 Elite Throwing Axeman
45:57 Chain Barding Armor
45:52 Chain Mail Armor
46:57 #83
47:54 Iron Casting
48:50 Plate Mail Armor
49:39 Chemistry
50:07 Plate Barding Armor
50:33 Blast Furnace
51:43 Ballistics
51:16 Fletching
51:28 Padded Archer Armor
Connection lost

Rejoining the realm…

Still unreachable

The connection could not be restored.

Session expired

The server has moved on; the page needs a fresh start.